Map: 2000 Atmospheres LE

Players

KillJoySC

  • Race: Protoss Protoss
  • League: Master
  • Spawn Location: 7:00

Pumba - Winner!

  • Race: Zerg Zerg
  • League: Master
  • Spawn Location: 3:00

VOD

Have the link to the VOD?

Description

Time

  • Played on: Sept. 7, 2021, 6:19 p.m.
  • Length: 8:25
Show
View Real Time Build Order
Export as new Build Order

KillJoySC Protoss 

Build Orders: 1 Gate Expand, Oracle Opening, Carriers 

Get SALT Encoding   

  12  0:01  Probe  
  13  0:14  Probe  
  14  0:20  Pylon  
  14  0:26  Probe  
  15  0:39  Probe (Chrono Boost)  
  15  0:40  Gateway  
  17  0:50  Probe (Chrono Boost), Assimilator  
  17  0:55  Probe (Chrono Boost)  
  18  1:06  Probe  
  19  1:22  Probe  
  20  1:30  Nexus  
  20  1:35  Probe  
  21  1:42  Cybernetics Core  
  21  1:48  Probe  
  21  1:51  Pylon  
  22  1:56  Assimilator  
  22  2:01  Probe  
  23  2:13  Probe  
  24  2:26  Stargate  
  24  2:27  Adept (Chrono Boost)  
  24  2:28  Probe  
  27  2:40  Probe  
  27  2:44  Probe  
  29  2:51  Adept  
  29  2:52  Probe  
  33  2:58  Probe  
  34  3:06  Probe (Chrono Boost)  
  34  3:07  Void Ray (Chrono Boost)  
  34  3:10  Probe (Chrono Boost)  
  39  3:16  Assimilator  
  40  3:22  Probe x2 (Chrono Boost)  
  40  3:23  Pylon  
  41  3:28  Probe  
  41  3:33  Probe  
  43  3:37  Assimilator  
  43  3:40  Oracle  
  46  3:41  Probe  
  46  3:45  Probe  
  48  3:52  Pylon  
  48  3:53  Probe  
  49  3:55  Stargate  
  49  3:57  Probe  
  50  4:06  Probe  
  50  4:09  Probe  
  52  4:18  Probe  
  52  4:21  Probe  
  52  4:23  Fleet Beacon  
  54  4:29  Shield Battery  
  54  4:30  Probe  
  55  4:33  Probe  
  56  4:42  Probe  
  55  4:48  Adept (Chrono Boost)  
  46  5:04  Carrier  
  46  5:09  Carrier  
  46  5:11  Probe x2  
  52  5:14  Stalker (Chrono Boost)  
  60  5:23  Probe x2  
  62  5:34  Forge  
  62  5:38  Protoss Air Weapons Level 1 (Chrono Boost)  
  62  5:41  Pylon  
  62  5:44  Nexus  
  62  5:53  Pylon  
  62  5:59  Probe  
  62  6:02  Probe  
  64  6:06  Carrier  
  71  6:11  Probe  
  71  6:14  Probe  
  72  6:19  Carrier  
  78  6:26  Photon Cannon  
  78  6:32  Photon Cannon  
  78  6:40  Shield Battery  
  78  6:55  Pylon  
  78  6:56  Probe x2, Pylon  
  78  7:00  Probe  
  81  7:04  Photon Cannon  
  81  7:08  Probe x2  
  83  7:12  Carrier (Chrono Boost)  
  89  7:21  Carrier (Chrono Boost)  
  95  7:31  Probe x3  
  95  7:35  Stargate  
Show
View Real Time Build Order
Export as new Build Order

Pumba Zerg - Winner!

Build Orders: Hatch First 

Get SALT Encoding   

  12  0:00  Drone  
  13  0:12  Overlord  
  13  0:17  Drone  
  14  0:30  Drone  
  14  0:31  Drone  
  16  0:41  Drone  
  17  0:51  Hatchery  
  17  0:55  Drone  
  17  0:57  Drone  
  18  1:11  Extractor  
  18  1:13  Spawning Pool  
  18  1:17  Drone  
  17  1:24  Drone  
  18  1:32  Drone  
  19  1:46  Drone  
  20  1:50  Overlord  
  20  2:01  Queen  
  22  2:03  Queen  
  22  2:04  Zergling x4  
  26  2:11  Drone  
  26  2:15  Drone  
  28  2:23  Drone  
  28  2:24  Metabolic Boost  
  28  2:27  Drone  
  30  2:36  Hatchery  
  29  2:40  Drone  
  29  2:42  Drone  
  31  2:47  Queen  
  33  2:52  Overlord  
  33  3:07  Drone x2  
  33  3:08  Overlord  
  35  3:14  Drone x5  
  41  3:20  Drone  
  41  3:33  Overlord  
  41  3:34  Queen  
  41  3:35  Drone x3, Extractor  
  45  3:41  Lair  
  45  3:45  Overlord  
  45  3:54  Zergling x4  
  48  3:55  Zergling x4  
  48  3:56  Zergling x4  
  48  3:58  Zergling x6  
  48  4:02  Drone x2  
  55  4:10  Drone x2  
  55  4:14  Extractor  
  55  4:15  Drone  
  55  4:16  Extractor  
  56  4:20  Drone x2  
  56  4:23  Drone x3  
  60  4:35  Spore Crawler, Drone x4  
  60  4:38  Spore Crawler  
  62  4:46  Drone  
  62  4:47  Drone x2  
  63  4:55  Drone  
  63  4:56  Hydralisk Den  
  63  4:58  Spore Crawler  
  63  4:59  Drone x5  
  65  5:06  Drone x3  
  66  5:11  Overlord x3  
  64  5:17  Extractor  
  64  5:19  Extractor  
  61  5:25  Zergling x2  
  61  5:27  Zergling x2  
  63  5:30  Muscular Augments  
  63  5:31  Drone  
  63  5:34  Drone x3  
  63  5:35  Drone x3  
  70  5:36  Drone x2  
  70  5:37  Overlord x3  
  72  5:50  Hydralisk x5  
  72  5:55  Hydralisk  
  84  5:59  Hydralisk  
  86  6:04  Hatchery  
  86  6:05  Hydralisk  
  86  6:06  Hydralisk x2  
  90  6:13  Hydralisk x3  
  95  6:21  Hydralisk x3  
  101  6:31  Overlord x2  
  101  6:33  Hydralisk x3  
  101  6:35  Overseer  
  101  6:37  Zergling x2  
  108  6:40  Overlord  
  108  6:41  Grooved Spines, Hydralisk  
  110  6:51  Hydralisk x4  
  118  6:55  Hydralisk x2  
  122  7:06  Hydralisk x5  
  131  7:20  Hydralisk x5  
  141  7:24  Hydralisk  
  141  7:25  Overlord  
  141  7:28  Overlord x2  
  135  7:45  Overseer x2  
  135  7:47  Hydralisk x7  
Tags
 
Add a new tag
Caveats
  • Supply blocks, unpowered buildings, or Contaminate may cause inaccurate times.
  • Supply counts are checked every 10 seconds.